 Dungeon Crawl Stone Soup version 0.27-a0-909-g0721f309d1 (webtiles) character file.

Game seed: 2280439829917179274

2530 EnegeticOcto the Thaumaturge (level 9, -3/67 HPs)
             Began as a Djinni Earth Elementalist on Apr 8, 2021.
             Was a Priest of Makhleb.
             Slain by an orc warrior
             ... wielding a +0 glaive
              (21 damage)
             ... on level 8 of the Dungeon.
             The game lasted 00:17:37 (2177 turns).

EnegeticOcto the Thaumaturge (DjEE)                 Turns: 2177, Time: 00:17:38

Health: -3/67      AC:  3    Str:  7    XL:     9   Next: 54%
Gold:   178        EV: 12    Int: 19    God:    Makhleb [***...] SH:  0 Dex: 15

rFire    + + .     SeeInvis .   n - +0 scythe
rCold    x . .     Faith    .   (shield currently unavailable)
rNeg     . . .     Spirit   .   c - +0 robe
rPois    ∞         Reflect  .   (no helmet)
rElec    .         Harm     .   (no cloak)
rCorr    .         Rampage  .   d - +0 pair of gloves
Will     .....                  (boots unavailable)
Stlth    ++........             (no amulet)
HPRegen  0.21/turn              (no ring)
MPRegen  0.00/turn              (no ring)

@: flying
A: fire resistance 2, cold vulnerability 1, float, innate caster, hp casting,
extra vitality 1
a: Renounce Religion, Minor Destruction, Lesser Servant of Makhleb


You were on level 8 of the Dungeon.
You worshipped Makhleb.
Makhleb was most pleased with you.
You visited 1 branch of the dungeon, and saw 8 of its levels.

You collected 286 gold pieces.
You spent 108 gold pieces at shops.

Inventory:

Hand Weapons
 m - a +1 hand axe of venom
   (You took it off an orc on level 6 of the Dungeon)
 n - a +0 scythe (weapon)
   (You took it off Sigmund on level 6 of the Dungeon)
 r - the +7 war axe "Quroeru" {pain, rN+}
   (You found it on level 7 of the Dungeon)

   In the hands of one skilled in necromantic magic, it inflicts extra damage on
   living creatures.
   It protects you from negative energy.
 u - a +5 trident of flaming
   (You took it off a gnoll sergeant on level 7 of the Dungeon)
Missiles
 b - 130 stones
Armour
 c - a +0 robe (worn)
 d - a +0 pair of gloves (worn)
   (You found it on level 3 of the Dungeon)
Magical Staves
 e - a staff of cold
   (You found it on level 2 of the Dungeon)
Jewellery
 a - a ring of fire
   (You found it on level 1 of the Dungeon)
 f - a ring of fire
   (You found it on level 6 of the Dungeon)
Wands
 j - a wand of iceblast (5) {@v2}
   (You found it on level 6 of the Dungeon)
 q - a wand of flame (16) {@v4}
   (You found it on level 7 of the Dungeon)
Scrolls
 h - a scroll of vulnerability
 i - a scroll of brand weapon
 o - a scroll of fog {!r}
 p - 2 scrolls of teleportation {@r3 !r}
 s - a scroll of enchant armour
Potions
 g - a potion of might {@q3 !q}
 k - a potion of lignification {@q6}
 l - 4 potions of curing {@q1 !q}


   Skills:
 + Level 6.4 Fighting
 - Level 2.1 Dodging
 - Level 1.5 Stealth
 + Level 9.5 Spellcasting


You had 2 spell levels left.
You knew the following spells:

 Your Spells              Type           Power      Damage    Failure   Level
a - Sandblast             Erth           90%        2d19      1%          1
b - Stone Arrow           Conj/Erth      90%        3d12      1%          3
c - Petrify               Tmut/Erth      45%        N/A       1%          4
d - Lee's Rapid Deconstr  Erth           22%        3d14*     4%          5
e - Summon Ice Beast      Ice/Summ       45%        N/A       1%          4
p - Passwall              Tmut/Erth      37%        N/A       1%          2
E - Beastly Appendage     Tmut           90%        N/A       1%          1
R - Confusing Touch       Hex            45%        N/A       1%          3
V - Swiftness             Air            45%        N/A       1%          2
Your spell library was empty.

Dungeon Overview and Level Annotations

Branches:
Dungeon (8/15)             Temple (0/1) D:4
   Lair: D:8-11

Altars:
Dithmenos
Kikubaaqudgha
Makhleb
Trog
Vehumet

Shops:
D:6 !::

Annotations:
D:3 1 runed translucent door, sprayer's ghost, weakling DgAE
D:7 3 runed translucent doors, anet's ghost, amateur GnHu


Innate Abilities, Weirdness & Mutations

You are immune to poison.
Your flesh is very heat resistant. (rF++)
You are vulnerable to cold. (rC-)
You float through the air rather than walking.
You learn spells naturally, not from books.
Your magical power is your life essence.
You have superior vitality. (+4 HP)


Message History

Your water moccasin completely misses the killer bee.
Your orc closely misses the killer bee.
The killer bee closely misses your water moccasin.
Your orc warrior hits the killer bee with a +1 halberd of flaming!!
Your orc warrior burns the killer bee.
The killer bee dies!
Makhleb accepts your kill. What are your orders? t - Shout!
Orders for allies: a - Attack new target. r - Retreat! s - Stop attacking. g - Guard the area. f - Follow me.
Anything else - Cancel.
Gang up on whom?
Press: ? - help, Dir - move target, f - killer bee
Aim: a killer bee (ally target) Attack!
Your orc dissolves into shadows!
Your orc warrior closely misses the killer bee.
Your orc warrior dissolves into shadows!
Casting: Stone Arrow (safe; 1% risk of failure)
Confirm with . or Enter, or press ? or * to list all spells.
Aiming: Sandblast (safe; 1% risk of failure)
Press: ? - help, Shift-Dir - straight line, f/p - killer bee
Aim: a killer bee (ally target, 35% to evade)
The blast of sand hits the killer bee!
The killer bee is severely wounded.
* * * LOW HITPOINT WARNING * * *
The killer bee barely misses you.
Casting: Sandblast (safe; 1% risk of failure)
Confirm with . or Enter, or press ? or * to list all spells.
Aiming: Sandblast (safe; 1% risk of failure)
Press: ? - help, Shift-Dir - straight line, f/p - killer bee
Aim: a killer bee (severely wounded, ally target, 35% to evade)
The blast of sand misses the killer bee.
* * * LOW HITPOINT WARNING * * *
The killer bee stings you but does no damage.
Your water moccasin barely misses the killer bee.
The killer bee barely misses you.
Your water moccasin misses the killer bee.
Casting: Sandblast (safe; 1% risk of failure)
Confirm with . or Enter, or press ? or * to list all spells.
Aiming: Sandblast (safe; 1% risk of failure)
Press: ? - help, Shift-Dir - straight line, f/p - killer bee
Aim: a killer bee (severely wounded, ally target, 35% to evade)
The blast of sand misses the killer bee.
* * * LOW HITPOINT WARNING * * *
The killer bee barely misses you.
Your water moccasin bites the killer bee.
The killer bee closely misses your water moccasin.
Casting: Sandblast (safe; 1% risk of failure)
Confirm with . or Enter, or press ? or * to list all spells.
Aiming: Sandblast (safe; 1% risk of failure)
Press: ? - help, Shift-Dir - straight line, f/p - killer bee
Aim: a killer bee (almost dead, ally target, 35% to evade)
The blast of sand hits the killer bee.
You kill the killer bee!
Makhleb accepts your kill.
You feel better.
* * * LOW HITPOINT WARNING * * *
You see here a killer bee corpse.
Things that are here:
a +1 flail of holy wrath; a +0 chain mail
Things that are here:
a +0 hand axe; a +0 scale mail; an orc corpse
There is an open door here.
Your water moccasin dissolves into shadows!
Things that are here:
a +0 dagger; a +0 falchion; a +0 leather armour
Things that are here:
a +0 dagger; a +0 leather armour
There is an open door here.
You reach down and open the door.
There is an open door here.
You reach down and open the door.
Found a stone staircase leading down.
There is an open door here.
Found 4 gold pieces.
You now have 178 gold pieces (gained 4).
You reach down and open the door.
An orc, an orc warrior and 2 orc wizards come into view.
The orc wizard shouts!
The orc shouts!
You hear a shout!
The orc wizard moves out of view.
The orc warrior shouts!
The orc wizard hits you with a +0 dagger.
There is an open door here.
The orc warrior hits you from afar with a +0 glaive!
* * * LOW HITPOINT WARNING * * *
The orc wizard points at itself and mumbles some strange words.
The orc wizard flickers and vanishes!
Deactivating autopickup; reactivate with Ctrl-A.
Found 13 gold pieces.
Okay, then.
Unknown command.
Okay, then.
Okay, then.
The orc wizard gestures at itself while chanting.
The orc wizard flickers and vanishes!
The orc warrior hits you from afar with a +0 glaive!!
You die...

....... ....... ..
.......>....
#####.......######
....#............#
....#............+
##..#............# ..
##..#............#####..
....#.......# #@.......
....'.......# #........
....#.......# #o.......
##+##.......# #.....$..
............# #{.......
............#+##o.......
.................######.
.................#
...........o.{...+


You could see an orc warrior and an orc.

Vanquished Creatures
  Sigmund (D:6)
  A steam dragon (D:7)
  An ice beast (D:6)
  A sky beast (D:6)
  3 orc warriors
  A phantom (D:5)
  A kobold brigand (D:8)
  2 gnoll sergeants
  Blork the orc (D:6)
  2 bullfrogs (D:7)
  A wyvern skeleton (D:7)
  4 killer bees (D:8)
  4 wights (D:7)
  6 hounds
  3 orc priests
  2 gnoll shamans
  4 orc wizards
  5 iguanas
  21 gnolls
  A howler monkey skeleton (D:5)
  5 adders
  2 shadow imps (D:7)
  3 white imps (D:7)
  A dart slug (D:2)
  18 orcs
  4 endoplasms
  A giant cockroach (D:1)
  7 goblins
  4 hobgoblins
  4 bats
  2 frilled lizards (D:2)
  5 kobolds
  3 rats
124 creatures vanquished.

Vanquished Creatures (collateral kills)
  2 killer bees (D:8)
2 creatures vanquished.

Vanquished Creatures (others)
  2 withered plants (D:3)
2 creatures vanquished.

Grand Total: 128 creatures vanquished

Notes
Turn   | Place    | Note
-------+----------+-------------------------------------------
     0 | D:1      | EnegeticOcto the Djinni Earth Elementalist began the quest
                  | for the Orb.
     0 | D:1      | Reached XP level 1. HP: 15/15 MP: 0/0
    26 | D:1      | Reached skill level 3 in Spellcasting
    58 | D:2      | Found a burning altar of Makhleb.
    62 | D:2      | Became a worshipper of Makhleb the Destroyer
    66 | D:2      | Reached XP level 2. HP: 7/21 MP: 0/0
   217 | D:2      | Reached XP level 3. HP: 13/25 MP: 0/0
   217 | D:2      | Learned a level 1 spell: Beastly Appendage
   335 | D:3      | Found a runed translucent door.
   335 | D:3      | Noticed sprayer's ghost (weakling DgAE)
   399 | D:3      | Found a faded altar of an unknown god.
   497 | D:3      | Reached skill level 4 in Spellcasting
   497 | D:3      | Reached XP level 4. HP: 5/31 MP: 0/0
   593 | D:3      | Found a shadowy altar of Dithmenos.
   647 | D:4      | Found a staircase to the Ecumenical Temple.
   724 | D:4      | Reached * piety under Makhleb
   770 | D:5      | Entered Level 5 of the Dungeon
   774 | D:5      | Reached XP level 5. HP: 16/35 MP: 0/0
   774 | D:5      | Learned a level 2 spell: Swiftness
   853 | D:5      | Reached skill level 5 in Spellcasting
   961 | D:5      | Reached skill level 1 in Fighting
   970 | D:5      | Noticed a phantom
   980 | D:5      | Killed a phantom
   981 | D:5      | Reached XP level 6. HP: 3/43 MP: 0/0
  1051 | D:5      | Reached skill level 2 in Fighting
  1092 | D:6      | Noticed an orc warrior
  1097 | D:6      | Killed an orc warrior
  1098 | D:6      | HP: 2/45 [something/magic dart (5)]
  1100 | D:6      | Reached skill level 3 in Fighting
  1101 | D:6      | Noticed Sigmund
  1103 | D:6      | Killed Sigmund
  1104 | D:6      | Reached skill level 6 in Spellcasting
  1104 | D:6      | Reached XP level 7. HP: 4/50 MP: 0/0
  1104 | D:6      | Learned a level 3 spell: Confusing Touch
  1139 | D:5      | Found a bloodstained altar of Trog.
  1251 | D:6      | Found Ikoedgh's Distillery.
  1259 | D:6      | Bought a potion of lignification for 36 gold pieces
  1259 | D:6      | Bought a potion of curing for 36 gold pieces
  1259 | D:6      | Bought a potion of curing for 36 gold pieces
  1405 | D:6      | Reached ** piety under Makhleb
  1406 | D:6      | Reached skill level 7 in Spellcasting
  1409 | D:6      | Reached XP level 8. HP: 5/56 MP: 0/0
  1413 | D:6      | Found Vidir's Book Emporium.
  1541 | D:6      | Reached skill level 8 in Spellcasting
  1598 | D:6      | Found Zirhienk's Book Shop.
  1674 | D:6      | Noticed Blork the orc
  1679 | D:6      | Killed Blork the orc
  1691 | D:6      | Reached skill level 4 in Fighting
  1804 | D:7      | Identified the +7 war axe "Quroeru" {pain, rN+}
  1848 | D:7      | Reached XP level 9. HP: 45/64 MP: 0/0
  1848 | D:7      | Learned a level 4 spell: Summon Ice Beast
  1852 | D:7      | Reached skill level 5 in Fighting
  1914 | D:7      | Reached skill level 9 in Spellcasting
  1970 | D:7      | Reached *** piety under Makhleb
  2027 | D:7      | Found a runed translucent gate.
  2027 | D:7      | Found a runed translucent gate.
  2027 | D:7      | Found a runed translucent gate.
  2029 | D:7      | Noticed anet's ghost (amateur GnHu)
  2084 | D:8      | Reached skill level 6 in Fighting
  2177 | D:8      | Slain by an orc warrior

Illustrated notes

Levels and vault maps discovered:
D:1:      elethiomel_arrival_quiet, layout_loops_ring, patterned_corridor
D:2:      layout_rooms, basic_altar, minmay_misc_feat_rows,
          uniq_crazy_yiuf_cottage, uniq_natasha
D:3:      layout_loops_ring, general_overflow_altar, basic_ecumenical_altar,
          gammafunk_ghost_grave
D:4:      layout_rooms, minmay_temple_entry_mini_moons
D:5:      layout_basic, grunt_temple_overflow_open
D:6:      layout_cave_pools, serial_gnoll_camp, gnoll_camp_mini_shop,
          gnoll_camp_mini_shop, gnoll_camp_mini_shop, gnoll_camp_mini_basic,
          uniq_sigmund, uniq_blork_the_orc
D:7:      layout_cave_pools, ebering_ghost_rock_garden
D:8:      layout_gridville, grunt_temple_overflow_gold_and_silver

Skill      XL: |  1  2  3  4  5  6  7  8  9 |
---------------+----------------------------+-----
Spellcasting   | 3 4 5 6 7 8 9 |  9.5
Fighting       | 1 3 4 6 |  6.4
Dodging        | |  2.1
Stealth        | |  1.5

Action                   |  1- 3 |  4- 6 |  7- 9 || total
-------------------------+-------+-------+-------++-------
Melee: Staff             |     4 |       |       ||     4
       Scythe            |       |       |     1 ||     1
 Cast: Sandblast         |    33 |    29 |    48 ||   110
       Passwall          |       |     1 |       ||     1
       Stone Arrow       |       |     6 |    54 ||    60
       Lee's Rapid Decon |       |       |     4 ||     4
Evoke: Wand              |       |     6 |     5 ||    11
  Use: Scroll            |     4 |     7 |     3 ||    14
       Potion            |     2 |     1 |     3 ||     6
Armor: Robe              |     6 |     3 |     4 ||    13
Dodge: Dodged            |     8 |     7 |    15 ||    30

Table legend: (Time is in decaauts)
 A = Elapsed time spent in this place.
 B = Non-inter-level travel time spent in this place.
 C = Inter-level travel time spent in this place.
 D = Time resting spent in this place.
 E = Time spent auto-exploring this place.
 F = Levels seen in this place.
 G = Mean time per level.
                   A        B        C        D        E       F      G
               +--------+--------+--------+--------+--------+-----+--------+
         Total |   2304 |   2251 |     53 |      0 |      0 |   8 |  288.0 |
       Dungeon |   2304 |   2251 |     53 |      0 |      0 |   8 |  288.0 |
               +--------+--------+--------+--------+--------+-----+--------+

Top non-repeatable levels by time:
     D:6: 612 daAuts
     D:5: 422 daAuts
     D:3: 367 daAuts
     D:7: 327 daAuts
     D:2: 212 daAuts
     D:4: 176 daAuts
     D:8: 122 daAuts
     D:1: 63 daAuts
